AoeStats
← OsmanGokcheck

Nomad

507290309Analyzed
3v3 RM · 15d ago on Sep 17, 2026· 65m 10s· 6 players
Game mode
Random Map
Map size
210×210
Population
200
Speed
Normal
Resources
Standard
Victory
Conquest
Starting age
Dark Age
Ending age
Imperial Age
RankedLock teamsTeams togetherTeam positionsShared explorationLock speedFull tech treeHidden civsTurbo modeCheats
Victory
Defeat
🇹🇷 Saracens · Türkiye
1003
+12
🇹🇷 Mongols · Türkiye
850
+18
🇩🇪 Vikings · Germany
837
+18
🇹🇼 Celts · Taiwan
917
-17
🇦🇺 Huns · Australia
891
-16
🇨🇳 Jurchens · China
871
-15
1363454470
15:13 Feudal Age
15:54 Double-Bit Axe
22:56 Castle Age
22:29 Fishing Lines
24:42 Bow Saw
25:01 Gold Mining
25:41 Stone Mining
27:01 Stone Shaft Mining
27:02 Gold Shaft Mining
27:23 Wheelbarrow
30:05 Hand Cart
34:17 Imperial Age
35:58 Two-Man Saw
36:24 Horse Collar
37:01 Elite Steppe Lancer
37:52 Bloodlines
37:43 Husbandry
41:01 Heavy Plow
43:24 Forging
43:04 Fletching
43:27 Forging
43:23 Scale Barding Armor
43:29 Treadmill Crane
46:09 Iron Casting
46:50 Conscription
48:05 Chemistry
51:18 Chain Barding Armor
52:08 Crop Rotation
small650305
6:18 Loom
14:40 Feudal Age
15:14 Double-Bit Axe
18:31 Horse Collar
21:24 Castle Age
20:20 Fishing Lines
22:20 Bow Saw
38:31 Imperial Age
36:12 Fletching
43:06 Cavalier
43:47 Husbandry
44:28 Scale Barding Armor
44:34 Forging
50:09 Wheelbarrow
49:20 Town Watch
52:29 Conscription
52:02 Stronghold
noremorse
9:27 Loom
16:02 Feudal Age
20:31 Castle Age
28:07 Gold Mining
31:05 Horse Collar
32:22 Wheelbarrow
31:37 Town Watch
33:29 Bloodlines
34:52 Hand Cart
40:27 Imperial Age
39:42 Scale Barding Armor
41:55 Conscription
41:19 Cavalier
43:14 Husbandry
45:12 Paladin
47:41 Chain Barding Armor
47:34 Forging
47:48 Chain Barding Armor
mulgezen
3:12 Loom
13:53 Feudal Age
15:26 Wheelbarrow
14:39 Double-Bit Axe
15:03 Gold Mining
15:04 Stone Mining
17:27 Horse Collar
26:38 Castle Age
27:51 Hand Cart
28:27 Bow Saw
30:09 Gold Shaft Mining
30:19 Stone Shaft Mining
35:38 Imperial Age
33:52 Husbandry
34:02 Bloodlines
33:13 Light Cavalry
34:54 Forging
34:50 Scale Barding Armor
34:46 Padded Archer Armor
34:37 Fletching
36:14 Iron Casting
35:47 Town Watch
36:35 Heavy Plow
39:26 Town Patrol
40:26 Blast Furnace
39:46 Chain Barding Armor
39:41 Leather Archer Armor
39:21 Bodkin Arrow
38:48 Elite Mangudai
39:48 Conscription
39:48 Drill
39:28 Nomads
39:50 Conscription
40:02 Caravan
41:22 Hussar
42:06 Nomads
44:12 Chemistry
43:33 Ballistics
43:24 Masonry
43:27 Fortified Wall
44:49 Elite Mangudai
52:14 Bracer
56:24 Siege Engineers
OsmanGokcheck
3:53 Loom
9:50 Loom
13:15 Feudal Age
21:06 Castle Age
19:42 Gold Mining
19:50 Double-Bit Axe
21:28 Fletching
21:07 Crossbowman
22:09 Bodkin Arrow
24:07 Wheelbarrow
26:59 Padded Archer Armor
30:32 Horse Collar
32:39 Leather Archer Armor
33:02 Bow Saw
33:53 Redemption
34:06 Town Watch
34:38 Hand Cart
36:22 Heavy Plow
40:09 Imperial Age
38:00 Thumb Ring
38:39 Gold Shaft Mining
39:36 Ballistics
38:56 Treadmill Crane
40:32 Stone Mining
40:12 Arbalester
41:08 Bracer
42:23 Chemistry
42:43 Hoardings
42:52 Conscription
45:01 Ring Archer Armor
45:09 Scale Barding Armor
45:38 Forging
44:52 Heavy Camel Rider
45:32 Husbandry
45:42 Bloodlines
47:09 Murder Holes
48:46 Chain Barding Armor
49:01 Iron Casting
49:22 Iron Casting
51:41 Plate Barding Armor
52:07 Blast Furnace
52:26 Two-Man Saw
53:50 Siege Engineers
53:59 Capped Ram
54:51 Town Patrol
55:02 Siege Ram
56:44 Masonry
59:32 Conscription
62:02 Fortified Wall
61:43 Guard Tower
61:38 Arrowslits
62:01 Scale Mail Armor
62:34 Counterweights
62:34 Bimaristan
63:00 Hoardings
61:48 Light Cavalry
62:50 Sanctity
62:31 Devotion
62:56 Illumination
63:05 Chain Mail Armor
63:59 Coinage
63:30 Caravan
62:55 Elite Mameluke
64:18 Block Printing
64:13 Fervor
64:04 Atonement
65:24 Plate Mail Armor
65:32 Keep
65:02 Siphons
65:38 Banking
64:58 Hussar
65:11 Spies/Treason
S3r!ousLE3
4:12 Loom
15:08 Feudal Age
15:43 Town Watch
15:48 Double-Bit Axe
17:39 Fishing Lines
23:10 Castle Age
22:05 Fletching
24:45 Gillnets
24:24 Crossbowman
25:11 Bodkin Arrow
25:16 Padded Archer Armor
25:20 Town Patrol
27:01 Bow Saw
29:23 Leather Archer Armor
29:31 Ballistics
32:55 Scale Mail Armor
33:06 Forging
33:02 Squires
32:47 Arson
34:17 Clinker Construction
39:42 Imperial Age
40:54 Bracer
44:59 Bogsveigar
45:20 Conscription
46:40 Arbalester
49:26 Chemistry
59:00 Elite Berserk
60:08 Chain Mail Armor
60:29 Iron Casting
60:48 Spies/Treason
63:14 Hoardings
63:25 Elite Longship
64:09 Sappers
Connection lost

Rejoining the realm…

Still unreachable

The connection could not be restored.

Session expired

The server has moved on; the page needs a fresh start.